Map: Catalyst LE

Players

iGRushcrazy (Rushcrazy)

  • Race: Protoss Protoss
  • Spawn Location: 11:00

AlaSReformed (AlaStOr) - Winner!

  • Race: Zerg Zerg
  • Spawn Location: 5:00

Event: WCS Valencia 2018

VOD

Have the link to the VOD?

Description

Time

  • Played on: July 12, 2018, 7:49 a.m.
  • Length: 9:24

All games in this series

Show
View Real Time Build Order
Export as new Build Order

iGRushcrazy Protoss 

Build Orders: 1 Gate Expand, Oracle Opening, Zealot Archon 

Get SALT Encoding   

  12  0:00  Probe  
  13  0:12  Probe  
  14  0:20  Pylon  
  14  0:24  Probe  
  15  0:34  Probe  
  15  0:38  Gateway  
  16  0:42  Probe  
  17  0:51  Assimilator  
  17  0:52  Probe  
  18  1:04  Probe  
  19  1:16  Probe  
  20  1:26  Nexus  
  20  1:36  Cybernetics Core  
  20  1:38  Probe  
  21  1:43  Assimilator  
  21  1:50  Probe  
  22  1:54  Pylon  
  22  2:02  Probe  
  22  2:03  Adept  
  23  2:14  Probe  
  26  2:22  Stargate  
  26  2:26  Probe  
  27  2:31  Warp Gate  
  27  2:34  Adept  
  29  2:39  Probe  
  29  2:40  Probe  
  31  2:48  Probe  
  31  2:51  Probe  
  32  2:56  Oracle, Probe  
  33  3:03  Probe  
  35  3:06  Probe  
  35  3:07  Stalker  
  39  3:15  Probe  
  39  3:19  Probe  
  43  3:27  Probe, Pylon  
  43  3:31  Probe  
  45  3:35  Robotics Facility  
  45  3:39  Probe  
  46  3:45  Probe  
  46  3:47  Assimilator  
  47  3:49  Assimilator  
  47  3:52  Twilight Council  
  47  3:59  Probe  
  48  4:03  Probe  
  49  4:15  Observer  
  49  4:17  Gateway, Charge  
  49  4:18  Gateway x2  
  49  4:19  Probe  
  49  4:20  Pylon  
  51  4:26  Probe  
  52  4:34  Immortal, Probe  
  52  4:35  Pylon  
  57  4:46  Pylon  
  57  4:50  Sentry  
  59  4:55  Probe  
  59  4:59  Gateway x2  
  60  5:03  Observer  
  60  5:07  Templar Archives  
  60  5:12  Observer, Probe  
  61  5:14  Pylon  
  61  5:20  Immortal, Zealot x2  
  65  5:27  Pylon  
  69  5:43  High Templar x2  
  69  5:44  Zealot x2  
  69  5:48  Archon  
  77  5:55  Observer  
  77  5:58  Immortal  
  77  6:03  Zealot x2  
  83  6:13  Zealot x2  
  83  6:18  High Templar x2  
  85  6:22  Archon, Pylon  
  85  6:23  Pylon  
  87  6:27  Zealot x2  
  87  6:32  Warp Prism  
  91  6:34  Zealot  
  95  6:46  Zealot  
  68  6:58  Zealot x2  
  72  7:06  Oracle  
  72  7:07  Observer  
  75  7:08  High Templar  
  75  7:09  Zealot x2, High Templar  
  75  7:12  Archon  
  84  7:22  Zealot x2  
  73  7:26  Gateway  
  73  7:31  Zealot x2  
  77  7:41  Zealot x2  
  77  7:43  Zealot x2  
  71  7:57  High Templar x2  
  71  7:58  Zealot  
  62  8:01  Archon  
  62  8:03  Zealot x2  
  62  8:04  Zealot  
  66  8:06  Oracle  
  58  8:21  Gateway  
  58  8:23  Gateway  
  54  8:34  Oracle  
  54  8:36  Zealot x6  
  65  9:02  Zealot x3  
  63  9:06  Pylon  
  63  9:10  High Templar  
Show
View Real Time Build Order
Export as new Build Order

AlaSReformed Zerg - Winner!

Build Orders: Hatch First, Lurkers 

Get SALT Encoding   

  12  0:00  Drone  
  13  0:12  Overlord  
  13  0:17  Drone  
  14  0:30  Drone x2  
  14  0:33  Drone  
  17  0:51  Hatchery  
  17  0:55  Drone  
  17  1:08  Spawning Pool  
  16  1:12  Drone  
  16  1:17  Extractor, Drone  
  17  1:20  Drone  
  18  1:28  Drone  
  19  1:40  Overlord  
  19  1:51  Drone  
  20  1:55  Queen  
  20  2:00  Drone  
  23  2:03  Queen  
  23  2:04  Zergling x2  
  26  2:11  Drone  
  26  2:14  Drone  
  28  2:28  Drone x2  
  30  2:34  Lair  
  30  2:40  Zergling x2  
  30  2:41  Zergling x2  
  30  2:43  Queen  
  34  2:45  Overlord  
  34  2:53  Drone x2  
  36  2:59  Extractor  
  36  3:05  Drone x4  
  38  3:10  Overlord  
  38  3:11  Drone x2  
  41  3:18  Drone  
  42  3:21  Queen  
  42  3:26  Overlord  
  44  3:34  Drone x2  
  46  3:35  Hydralisk Den  
  46  3:37  Extractor x2  
  46  3:38  Drone x2  
  45  3:42  Drone  
  46  3:50  Spore Crawler, Drone x2  
  46  3:51  Drone  
  48  3:56  Queen  
  48  4:02  Drone x2  
  52  4:11  Lurker Den  
  52  4:12  Drone  
  52  4:16  Overlord  
  52  4:28  Metabolic Boost  
  52  4:29  Overlord  
  52  4:30  Overlord  
  52  4:34  Queen  
  54  4:39  Drone x2  
  54  4:40  Drone x2  
  54  4:41  Drone  
  54  4:43  Drone  
  60  4:51  Overlord  
  60  4:53  Drone x2  
  60  4:57  Queen  
  64  5:04  Nydus Network  
  64  5:05  Hydralisk  
  65  5:08  Hydralisk  
  65  5:14  Hydralisk  
  67  5:15  Hydralisk  
  67  5:17  Hydralisk  
  73  5:22  Queen  
  75  5:29  Overlord  
  75  5:30  Hydralisk  
  77  5:39  Lurker x3  
  77  5:41  Lurker  
  81  5:44  Nydus Canal  
  81  5:47  Hydralisk, Lurker  
  81  5:49  Overlord  
  84  5:51  Hydralisk  
  84  5:53  Zergling x2  
  84  5:54  Zergling x2  
  86  6:05  Zergling x8  
  88  6:12  Overlord, Hydralisk x2  
  88  6:13  Zergling x4  
  88  6:14  Lurker  
  95  6:22  Hydralisk x2  
  95  6:23  Zergling x2  
  100  6:31  Spore Crawler  
  100  6:32  Spine Crawler  
  98  6:34  Lurker, Spore Crawler  
  98  6:45  Zergling x4  
  87  6:48  Hydralisk x2, Zergling x2  
  81  6:57  Queen x2  
  81  7:00  Hydralisk x2  
  87  7:05  Lurker x2  
  88  7:19  Zergling x4  
  88  7:21  Hydralisk x2  
  88  7:22  Hydralisk  
  87  7:23  Zergling x6  
  90  7:34  Hydralisk x2  
  90  7:35  Queen  
  94  7:40  Zergling x4  
  94  7:43  Lurker  
  92  7:53  Hydralisk x2  
  92  7:54  Zergling x4  
  91  8:06  Queen  
  91  8:08  Zergling x6  
  91  8:11  Queen  
  97  8:14  Hydralisk x2  
  97  8:15  Zergling x4  
  97  8:17  Zergling x2  
  97  8:19  Lurker  
  105  8:32  Infestation Pit, Drone  
  107  8:34  Zergling x4  
  105  8:54  Drone x2  
  104  8:56  Zergling x4  
  104  8:57  Zergling x4  
Tags
 
Add a new tag
Caveats
  • Supply blocks, unpowered buildings, or Contaminate may cause inaccurate times.
  • Supply counts are checked every 10 seconds.